AoeStats
← dohteM

Arena

510605105Analyzed
4v4 RM · 6h ago on Oct 1, 2026· 27m 5s· 8 players
Game mode
Random Map
Map size
Large (8 player)
Population
200
Speed
Normal
Resources
Standard
Victory
Conquest
Starting age
Dark Age
Ending age
Imperial Age
RankedLock teamsTeams togetherTeam positionsShared explorationLock speedFull tech treeHidden civsTurbo modeCheats
Victory
Defeat
🇪🇸 Malians · Spain
822
+13
🇺🇸 Inca · United States
810
+26
🇹🇷 Varangians · Türkiye
795
+14
🇨🇴 Burgundians · Colombia
771
+15
🇪🇸 Spanish · Spain
789
-14
🇳🇱 Khmer · Netherlands
771
-15
🇹🇷 Ethiopians · Türkiye
744
-14
🇹🇷 Turks · Türkiye
695
-12
moose45
13:20 Feudal Age
17:07 Castle Age
14:56 Double-Bit Axe
15:28 Horse Collar
15:40 Gold Mining
16:49 Forging
19:58 Bow Saw
20:39 Town Watch
20:39 Loom
21:43 Heavy Plow
22:26 Stone Mining
24:10 Stone Shaft Mining
25:40 Fletching
26:08 Masonry
Tribamell
9:35 Feudal Age
10:17 Horse Collar
12:55 Double-Bit Axe
21:41 Castle Age
20:17 Gold Mining
20:19 Stone Mining
23:02 Scale Barding Armor
23:07 Forging
22:48 Fletching
24:10 Wheelbarrow
24:51 Husbandry
26:39 Bow Saw
26:47 Bloodlines
Dmitry Petrovich
13:55 Loom
15:41 Feudal Age
19:43 Fletching
19:54 Padded Archer Armor
20:05 Forging
22:11 Castle Age
22:58 Husbandry
23:04 Scale Mail Armor
23:09 Scale Barding Armor
26:52 Caravan
27:26 Coinage
Mirliva1881
4:49 Loom
14:21 Feudal Age
16:32 Wheelbarrow
15:43 Town Watch
20:27 Castle Age
18:33 Double-Bit Axe
18:48 Horse Collar
20:09 Stone Mining
20:25 Gold Mining
20:31 Crossbowman
21:57 Bow Saw
23:25 Hand Cart
24:26 Heavy Plow
26:47 Thumb Ring
The-Cyber-Samurai
3:31 Loom
12:34 Feudal Age
14:21 Double-Bit Axe
16:20 Town Watch
19:27 Castle Age
17:26 Stone Mining
17:22 Horse Collar
18:26 Wheelbarrow
20:50 Fletching
21:11 Forging
21:08 Scale Barding Armor
21:04 Padded Archer Armor
22:06 Bow Saw
25:40 Husbandry
jesusmorata89
3:22 Loom
12:40 Feudal Age
16:28 Castle Age
14:23 Horse Collar
15:04 Double-Bit Axe
15:44 Stone Mining
16:22 Gold Mining
16:22 Town Watch
17:21 Scale Mail Armor
19:20 Heavy Plow
19:34 Bow Saw
19:44 Forging
19:25 Fletching
22:13 Wheelbarrow
21:54 Squires
23:23 Iron Casting
23:29 Arson
24:07 Chain Mail Armor
25:44 Bodkin Arrow
27:31 Hand Cart
CaminanteH
6:46 Double-Bit Axe
11:55 Gold Mining
15:00 Feudal Age
13:43 Stone Mining
13:43 Horse Collar
17:13 Wheelbarrow
17:45 Bow Saw
19:57 Castle Age
19:31 Gold Shaft Mining
19:33 Stone Shaft Mining
19:13 Heavy Plow
20:02 Cavalier
20:42 Husbandry
20:51 Scale Barding Armor
21:13 Forging
dohteM
3:03 Loom
15:00 Feudal Age
18:42 Castle Age
17:02 Champi Runner
17:47 Horse Collar
17:52 Double-Bit Axe
19:26 Scale Mail Armor
20:36 Forging
23:03 Wheelbarrow
23:13 Squires
24:27 Town Watch
Connection lost

Rejoining the realm…

Still unreachable

The connection could not be restored.

Session expired

The server has moved on; the page needs a fresh start.